[Event "Late-Titled-Tuesday-Blitz-September-26-2023"]
[Site "Chess.com"]
[Date "2023.09.26"]
[Round "4"]
[White "KaydenTroffChess"]
[Black "pedromartinez91"]
[Result "0-1"]
[WhiteElo "2775"]
[BlackElo "2551"]
[TimeControl "180+1"]
[EndTime "14:38:58 PDT"]
[Termination "pedromartinez91 won by resignation"]

1. d4 e6 2. Nf3 d5 3. Bf4 f5 4. e3 Bd6 5. Ne5 Nf6 6. c4 O-O 7.
Nc3 c6 8. Bd3 c5 9. dxc5 Bxc5 10.
cxd5 exd5 11. O-O Nc6 12. Nf3 h6 13. Rc1 Qe7 14. Nh4 g5 15. Ng6 Qf7 16. Nxf8 gxf4 17.
Nxd5 Bxf8 18. Nxf4 Kg7 19. Qf3 Ne5 20. Qg3+ Kh7 21.
Bb1 Ne4 22. Qh3 Ng5 23. Qh4 Nef3+ 24. gxf3 Nxf3+ 25. Kh1 Nxh4 26. Rg1 b6 27. Rg3 Bb7+ 28. Kg1 Bd6 29. Kf1 Rc8 30. Rd1 Qc4+ 31. Bd3 Qa4 32.
Be2 Bxf4 33. exf4 Ba6 34. Bxa6 Qxa6+ 35. Kg1 Qb5 36. Re1 Rc7 37. h3 Rg7 38. Kh2 Rxg3 39. Kxg3 Ng6 40. Rc1 Qb4 41. Rc7+ Kg8 42. Rc8+ Kf7 43.
Rc7+ Ke8 44. Kg2 Qxf4 45. Rc3 Qg5+ 46. Rg3 Nh4+ 47. Kh2 Qf4 48. Kg1 b5 49. Re3+ Qxe3 50. fxe3 Kf7 51. Kf2 Kf6 52. Kg3 Ng6 53. Kf3 Ke5 54.
Ke2 Ne7 55. Kd3 Nd5 56. a3 a5 57. b3 a4 58. bxa4 bxa4 59. Kc4 Ke4 60. Kb5 Nc3+ 61. Kb4 Kd3 62. h4 h5 63. Kc5 Nb1 64. Kb4 Kxe3 65. Kxa4 Nxa3 66. Kxa3 f4 67. Kb2 f3 68. Kc1 f2 69.
Kd1 f1=Q+ 0-1

[Event "Late-Titled-Tuesday-Blitz-September-26-2023"]
[Site "Chess.com"]
[Date "2023.09.26"]
[Round "4"]
[White "LeninGuerra"]
[Black "WiseKing_08"]
[Result "0-1"]
[WhiteElo "2537"]
[BlackElo "2365"]
[TimeControl "180+1"]
[EndTime "14:38:59 PDT"]
[Termination "WiseKing_08 won on time"]

1. e4 c6 2. Nf3 d5 3. exd5 cxd5 4. Ne5 Nc6 5. Bb5 Bd7 6. Bxc6 bxc6 7. O-O Nf6 8. b3 e6 9. Bb2 Bd6 10. Re1 O-O 11. d3 Qc7 12. Nd2 a5 13. c4 c5 14. d4 cxd4 15. Bxd4 Bc5 16. Bxc5 Qxc5 17. cxd5 Qxd5 18. Ndc4 Bb5 19. Qc1 Rac8 20. Qa3 Bxc4 21.
Nxc4 Rc5 22. Re5 Qd4 23. Rae1 Rxe5 24. Nxe5 Ne4 25. Ng4 h5 26. Qa4 Qxa4 27. bxa4 hxg4 28. Rxe4 Rb8 29. g3 Rb2 30. Rxg4 Rxa2 31. Rc4 Ra1+ 32. Kg2 g6 33. h4 Kg7 34. Kf3 Ra2 35. Ke3 Kf6 36.
Rf4+ Ke7 37. Kd3 Ra3+ 38. Kc2 e5 39. Re4 Kd6 40. Kb2 Rf3 41. Re2 f5 42. Rd2+ Ke6 43.
Re2 e4 44. Ka2 Ke5 45. Kb2 Kd4 46. Rd2+ Kc4 47. Rd6 Rxf2+ 48. Kb1 e3 0-1

[Event "Late-Titled-Tuesday-Blitz-September-26-2023"]
[Site "Chess.com"]
[Date "2023.09.26"]
[Round "4"]
[White "IamSchrodingersCat"]
[Black "realmadridfc123"]
[Result "0-1"]
[WhiteElo "2523"]
[BlackElo "2787"]
[TimeControl "180+1"]
[EndTime "14:39:00 PDT"]
[Termination "realmadridfc123 won by resignation"]

1. e4 e5 2. Nf3 Nc6 3. Bb5 a6 4. Ba4 Nf6 5. d3 b5 6. Bb3 Bc5 7. c3 d6 8. O-O O-O 9. Re1 h6 10. Nbd2 Be6 11. Nf1 Bxb3 12. axb3 Re8 13. Ng3 Bb6 14.
h3 Ne7 15. Nh4 Kh7 16. Ngf5 Ng6 17. Qf3 Rf8 18. Qg3 d5 19. Be3 Bxe3 20. Rxe3 dxe4 21. dxe4 Qd2 22. Rae1 Rae8 23. R3e2 Qd7 24. Qe3 Nf4 25. Rd2 Qc6 26. b4 Rd8 27. Ne7 Qe6 28. Nef5 g6 29.
Ng3 Qb3 30. Nf3 Rxd2 31. Qxd2 Re8 32. Kh2 Kg7 33. Nxe5 Nxg2 34. Kxg2 Rxe5 35. f4 Re7 36. e5 Nd5 37. Qd4 Nb6 38. Re2 Rd7 39. Qe4 Qd5 40.
Kf2 Nc4 41. f5 Qxe4 42. f6+ Kf8 43. Nxe4 Nxe5 44. Nc5 Nd3+ 45. Nxd3 Rxd3 46. Re7 Rd6 47.
Rxc7 Rxf6+ 48. Ke3 g5 49. b3 Kg7 50. c4 h5 51. c5 Rf4 52. c6 Rxb4 53. Kd2 Rxb3 54. Rd7 Rb4 55. c7 Rc4 0-1

[Event "Late-Titled-Tuesday-Blitz-September-26-2023"]
[Site "Chess.com"]
[Date "2023.09.26"]
[Round "4"]
[White "Sanan_Sjugirov"]
[Black "krzyzan94"]
[Result "1-0"]
[WhiteElo "2986"]
[BlackElo "2813"]
[TimeControl "180+1"]
[EndTime "14:39:01 PDT"]
[Termination "Sanan_Sjugirov won on time"]

1. e4 c5 2. Nf3 Nc6 3. Bb5 a6 4. Bxc6 dxc6 5. d3 Bg4 6. Nbd2 e5 7. h3 Bxf3 8. Nxf3 Bd6 9. h4 Ne7 10. h5 h6 11. Be3 Qd7 12. Nd2 b6 13. a4 a5 14. g4 Bc7 15. Qf3 Nc8 16. Nc4 Nd6 17. Nxe5 Qe6 18. Nxc6 Kd7 19. e5 Ne8 20. Ne7 Kxe7 21.
Qxa8 Bxe5 22. O-O-O Qa2 23. c3 Qa1+ 24. Kc2 Qxa4+ 25.
Kb1 Bxc3 26. Qb7+ Kf8 27. Qxb6 Bd4 28. Bxd4 cxd4 29. Rhe1 Kg8 30. Rc1 Kh7 31. Rc4 Qd7 32.
Qxd4 Qb7 33. Qe4+ Qxe4 34. Rcxe4 Nf6 35. Rf4 Rd8 36. Re5 Rxd3 37. Rxa5 Nd5 38. Rc4 Nf6 39.
Rf5 Nd7 40. Kc2 Rd6 41. b4 f6 42. Rc3 Ne5 43. Rf4 Nc6 44. Rd3 Re6 45. Re3 Ne5 46. Kb3 Rb6 47. Rfe4 Nd7 48. Rc4 Ne5 49. Rc7 Nxg4 50. Ree7 Kh8 51. Rxg7 Nxf2 52. Rh7+ Kg8 53. Rhd7 Rb8 54. Rg7+ Kh8 55. Rh7+ Kg8 56. Rcg7+ Kf8 57.
Rg2 1-0

[Event "Late-Titled-Tuesday-Blitz-September-26-2023"]
[Site "Chess.com"]
[Date "2023.09.26"]
[Round "4"]
[White "falzehope0"]
[Black "chesselephant"]
[Result "0-1"]
[WhiteElo "2341"]
[BlackElo "2526"]
[TimeControl "180+1"]
[EndTime "14:39:01 PDT"]
[Termination "chesselephant won by resignation"]

1. d4 Nf6 2. e3 b6 3. f4 Bb7 4. Nf3 c5 5. c3 e6 6. Bd3 d6 7.
O-O Be7 8. Nbd2 O-O 9. a3 Nbd7 10. e4 cxd4 11. cxd4 e5 12. fxe5 dxe5 13. d5 Ng4 14.
Nc4 Bc5+ 15. Kh1 Nf2+ 16. Rxf2 Bxf2 17. Ncxe5 Nxe5 18. Nxe5 Rc8 19. Bf4 Bd4 20. Rb1 Qf6 21. Nf3 Qxf4 22. Nxd4 g6 23. h3 Rfe8 24. Nf3 Rc7 25. b4 Rec8 26. Qe2 Rc1+ 27. Rxc1 Rxc1+ 28. Ng1 Qg3 29. Bc4 Qc3 30. Bb5 Re1 31. Qf2 Qe3 32. Qxe3 Rxe3 33. Nf3 Rxe4 34. Ng5 Re1+ 35. Kh2 Bxd5 36.
Be8 h6 37. Nf3 Bxf3 38. gxf3 Ra1 39. a4 a5 40. bxa5 bxa5 41. Kg3 Kg7 42. Bb5 Kf6 43. Kf4 Ra3 44. h4 g5+ 45. hxg5+ hxg5+ 46. Kg4 Kg6 47. Kg3 f5 48. Be8+ Kf6 49. Bd7 Ke5 50. Bc6 g4 51. Kg2 Kf4 52. fxg4 fxg4 53. Kf2 Ra2+ 54. Kg1 g3 55. Bd5 Rxa4 56. Kf1 Rd4 57. Bb3 Kf3 58. Ba4 Rxa4 59. Ke1 Ra2 60. Kd1 g2 0-1

[Event "Late-Titled-Tuesday-Blitz-September-26-2023"]
[Site "Chess.com"]
[Date "2023.09.26"]
[Round "4"]
[White "topin8"]
[Black "NicholasTakano"]
[Result "0-1"]
[WhiteElo "2424"]
[BlackElo "2413"]
[TimeControl "180+1"]
[EndTime "14:39:04 PDT"]
[Termination "NicholasTakano won on time"]

1. e4 c5 2. Nf3 g6 3. c3 Nf6 4. e5 Nd5 5. Bc4 Nb6 6. Bb3 Nc6 7. O-O Bg7 8. Re1 O-O 9. d4 cxd4 10. cxd4 d6 11. Bf4 Bg4 12. exd6 exd6 13. d5 Nd4 14. Nbd2 Nxf3+ 15. Nxf3 Bxb2 16. Rb1 Bg7 17. h3 Bf5 18. Rc1 h6 19. Qd2 Kh7 20. Nd4 Bc8 21. Nb5 Qf6 22. Bxd6 a6 23. Bxf8 Bxf8 24. Nc3 Bb4 25. Re4 Bd6 26. Qd4 Qg5 27. Qe3 Qd8 28. Re8 Qc7 29.
Ne4 Bh2+ 30. Kh1 Qf4 31. Qxf4 Bxf4 32. Rd1 Bd7 33. Nf6+ Kg7 34. Rxa8 Kxf6 35. Rd8 Bf5 36. g3 Bc7 37. Rf8 Bd6 38. Re8 Bd7 39. Re2 Bb5 40.
Kg2 Bxe2 41. Rd2 Bb5 42. f4 Ke7 43. Kf3 Kd7 44. g4 h5 45. Rd4 hxg4+ 46. hxg4 Nc8 47.
a4 Bf1 48. Rd1 Bh3 49. Rh1 Bxg4+ 50. Kxg4 Ne7 51. Rh7 Ke8 52. Rh8+ Kd7 53. Kf3 Nf5 54. Rh7 Nd4+ 55. Ke4 Nxb3 56. Rxf7+ Kd8 57. Rxb7 Nc5+ 58. Kd4 Nxb7 59. f5 gxf5 0-1

[Event "Late-Titled-Tuesday-Blitz-September-26-2023"]
[Site "Chess.com"]
[Date "2023.09.26"]
[Round "4"]
[White "Eduard_Limonov"]
[Black "Oleksandr_Bortnyk"]
[Result "0-1"]
[WhiteElo "2832"]
[BlackElo "3016"]
[TimeControl "180+1"]
[EndTime "14:39:08 PDT"]
[Termination "Oleksandr_Bortnyk won by resignation"]

1. e4 Nf6 2. e5 Nd5 3. Nc3 Nxc3 4. bxc3 d6 5. f4 g6 6. Nf3 Bg7 7. d4 O-O 8. Bd3 c5 9. O-O dxe5 10. fxe5 Nc6 11. Be3 Bg4 12. Be4 Qa5 13. Qe1 Rad8 14. Qh4 Bxf3 15. Rxf3 cxd4 16. Bh6 Bxh6 17. Qxh6 Qxe5 18.
Re1 dxc3 19. Rh3 Qg7 20. Qxg7+ Kxg7 21. Bxc6 bxc6 22. Rxc3 e6 23. Rxc6 Rc8 24. Ra6 Rc7 25. Re3 Rb8 26. Rb3 Rbc8 27. h3 h5 28. a4 Rd7 29. c3 Rcc7 30. Kh2 Kf6 31. a5 Rc5 32. h4 Rc4 33. g3 Rc5 34. Kh3 Kf5 35. Kg2 g5 36.
hxg5 Kxg5 37. Kh3 e5 38. Kg2 f6 39. Kf3 Rd3+ 40. Ke2 Rdxc3 41. Rxc3 Rxc3 42. Rxa7 Ra3 43. Kf2 Ra2+ 44. Kf3 Ra3+ 45. Kg2 Kf5 46. a6 e4 47.
Ra8 Ra2+ 48. Kh3 Ra1 49. a7 Ra2 50. Rh8 Rxa7 51. Rxh5+ Ke6 52. Kg4 Ra3 53. Kf4 f5 54.
Rxf5 Rf3+ 55. Kxe4 Rxf5 0-1

[Event "Late-Titled-Tuesday-Blitz-September-26-2023"]
[Site "Chess.com"]
[Date "2023.09.26"]
[Round "4"]
[White "RichardLeyvaP"]
[Black "Kostukov_Alex"]
[Result "1-0"]
[WhiteElo "2635"]
[BlackElo "2416"]
[TimeControl "180+1"]
[EndTime "14:39:08 PDT"]
[Termination "RichardLeyvaP won by resignation"]

1. e4 c5 2. Nf3 g6 3. d4 cxd4 4.
Nxd4 Bg7 5. Be2 Nc6 6. Nb3 Nf6 7. Nc3 O-O 8. O-O a5 9. a4 Nb4 10. Re1 d5 11. e5 Ne4 12. Bf4 Bf5 13. Nd4 e6 14.
Nxe4 Bxe4 15. f3 Bf5 16. c3 Nc6 17. Bf1 Nxd4 18. Qxd4 g5 19. Bg3 f6 20. exf6 Qxf6 21. Be5 Qg6 22. Rad1 g4 23. fxg4 Bxg4 24. Bxg7 Qxg7 25.
Qxg7+ Kxg7 26. Rd4 Bf5 27. Bd3 Bxd3 28. Rxd3 Rf6 29.
Rde3 Kf7 30. Rf1 Rc8 31. Rxf6+ Kxf6 32. Rf3+ Kg6 33. Re3 Kf6 34. Rf3+ Kg6 35. Rg3+ Kf6 36. Rh3 Rc7 37. Kf2 Kg6 38. Ke3 Rc4 39. Rg3+ Kf6 40.
Rh3 Kg7 41. Rg3+ Kh8 42. Kd3 Rxa4 43. Re3 Ra2 44. Kc2 Ra4 45. Rxe6 Rg4 46. g3 Rg6 47. Rxg6 hxg6 48. Kd3 Kg7 49. Kd4 Kf6 50. Kxd5 Kf5 51.
b4 a4 52. Kc4 b5+ 53. Kd3 Kg4 54. c4 bxc4+ 55. Kxc4 Kf5 56. b5 Ke6 57. Kb4 a3 58. Kxa3 1-0

[Event "Late-Titled-Tuesday-Blitz-September-26-2023"]
[Site "Chess.com"]
[Date "2023.09.26"]
[Round "4"]
[White "Berardino"]
[Black "gabduschew"]
[Result "1-0"]
[WhiteElo "2627"]
[BlackElo "2386"]
[TimeControl "180+1"]
[EndTime "14:39:10 PDT"]
[Termination "Berardino won on time"]

1. e4 Nc6 2. Nf3 d6 3. d4 Bg4 4. d5 Nb8 5. c4 Nf6 6. Nc3 c6 7. Be2 Bxf3 8. Bxf3 Nbd7 9. O-O g6 10.
Bf4 Bg7 11. Qd2 O-O 12. Rfe1 Ne8 13. Rad1 Qa5 14. Be2 Rc8 15. Rc1 Ne5 16. b3 a6 17. h3 c5 18. a4 Rb8 19. Bf1 e6 20. Bh6 Qd8 21. Bxg7 Kxg7 22. f4 Nd7 23. Rcd1 e5 24.
g3 Qf6 25. Kh2 Nc7 26. Bd3 Rbe8 27. Rf1 exf4 28. gxf4 Qh4 29. Rf3 Re7 30. Rg1 Ne8 31.
Rg4 Qh6 32. Qg2 Nef6 33. Rg5 Rfe8 34. Rf1 Nh5 35. Qg4 Ndf6 36. Qg2 Kh8 37. Kh1 Qg7 38.
Kh2 Nd7 39. Ne2 Qb2 40. Ng3 Qxg2+ 41. Kxg2 Nxg3 42. Rxg3 Nf6 43. e5 dxe5 44. fxe5 Nh5 45. Re3 Rxe5 46. Rxe5 Rxe5 47. Rxf7 Re3 48. Bf1 Kg8 49.
Rxb7 Nf4+ 50. Kf2 Rc3 51. d6 Kf8 52. Rb8+ Kf7 53. d7 1-0

[Event "Late-Titled-Tuesday-Blitz-September-26-2023"]
[Site "Chess.com"]
[Date "2023.09.26"]
[Round "4"]
[White "ferrufino64"]
[Black "elpatodice"]
[Result "1-0"]
[WhiteElo "2208"]
[BlackElo "2451"]
[TimeControl "180+1"]
[EndTime "14:39:10 PDT"]
[Termination "ferrufino64 won by resignation"]

1. e4 c5 2. Nf3 g6 3. d4 cxd4 4.
Qxd4 Nf6 5. e5 Nc6 6. Qa4 Nd5 7.
Qe4 Ndb4 8. c3 d5 9. Qe2 Na6 10. Bf4 Bg7 11. Nbd2 O-O 12. O-O-O Bf5 13. Nh4 Be6 14.
Nhf3 d4 15. Nb3 Bxb3 16. axb3 Qa5 17. Nxd4 Nxe5 18. Qb5 Qc7 19. Kb1 Nc5 20. b4 Ne4 21.
Bd3 Nxf2 22. Rhe1 Nfxd3 23. Rxd3 a6 24. Bxe5 Qc8 25. Qd5 e6 26. Qe4 Bxe5 27. Qxe5 Qc4 28. Qe2 a5 29. b5 a4 30. Re3 Qc7 31. Nc2 Qxh2 32. Na3 Qh6 33. Qf3 Qg7 34. Re5 Rab8 35. g4 Rfd8 36. g5 Qf8 37. Qe4 Rd7 38. Qe2 Rbd8 39.
Qe4 Rd2 40. Qxb7 Qg7 41. R5e2 Rxe2 42. Rxe2 h6 43. Qg2 hxg5 44. Qxg5 Rd5 45. Qe3 Rd1+ 46.
Kc2 Rd5 47. b6 Qf8 48. Rd2 Rf5 49. b7 Qb8 50. Qe4 Re5 51. Qb4 Kg7 52. Nc4 Rf5 53.
Na5 a3 54. Nc6 a2 55. Nxb8 a1=Q 56. Nd7 Rf1 57. Qd4+ f6 58. Rd1 e5 59. Rxa1 Rf2+ 60. Qxf2 1-0

[Event "Late-Titled-Tuesday-Blitz-September-26-2023"]
[Site "Chess.com"]
[Date "2023.09.26"]
[Round "4"]
[White "K_alena13"]
[Black "Haykoooo0o"]
[Result "0-1"]
[WhiteElo "2198"]
[BlackElo "2468"]
[TimeControl "180+1"]
[EndTime "14:39:11 PDT"]
[Termination "Haykoooo0o won by resignation"]

1. Nf3 d5 2. d4 Nf6 3. c4 c6 4. Nc3 e6 5. e3 Nbd7 6. Bd3 Bd6 7. O-O Qe7 8. e4 dxc4 9. Bxc4 e5 10. b3 O-O 11. Bb2 exd4 12. Nxd4 Ne5 13. Be2 Rd8 14. Qc1 Neg4 15. Bxg4 Nxg4 16. Nf3 Ne5 17. Nxe5 Bxe5 18. Qe3 Be6 19. Rad1 b6 20. f4 Bd6 21. Kh1 Bc5 22. Qg3 f6 23. e5 f5 24. Qf3 Qc7 25.
Ne2 Bd5 26. Qh3 Qd7 27. Qh5 Qf7 28. Qxf7+ Kxf7 29. Ng3 g6 30. h3 Ke6 31. Kh2 Rd7 32.
Ne2 Rad8 33. Nd4+ Bxd4 34. Rxd4 c5 35. Rd2 Be4 36. Rxd7 Rxd7 37. Rf2 Rd3 38. Kg1 h5 39. Kh2 h4 40. Re2 b5 41. Rf2 a5 42. Re2 Kd5 43. Kg1 c4 44. bxc4+ bxc4 45. Kf2 c3 46. Ba3 a4 47. Bc1 Rg3 48. Ke1 Rxg2 49. Rxg2 Bxg2 50. Ke2 Bxh3 51. Kd3 Bg2 52. Be3 c2 53. Kxc2 Ke4 54. Kd2 Kd5 55. Kd3 h3 56. Bg1 Be4+ 57. Kc3 Bb1 58.
Bh2 Bxa2 59. Kb4 Bb3 60. Ka3 Ke4 61. Bg3 Kf3 62. Bh2 Kg2 63. e6 Bxe6 64. Kxa4 Kxh2 65. Kb4 Kg3 0-1

[Event "Late-Titled-Tuesday-Blitz-September-26-2023"]
[Site "Chess.com"]
[Date "2023.09.26"]
[Round "4"]
[White "Bauman_Guy"]
[Black "mishanick"]
[Result "0-1"]
[WhiteElo "2865"]
[BlackElo "3096"]
[TimeControl "180+1"]
[EndTime "14:39:13 PDT"]
[Termination "mishanick won by resignation"]

1. e4 c5 2. Nf3 e6 3. d4 cxd4 4. Nxd4 Nc6 5. Nc3 Nf6 6. Ndb5 Bc5 7. Nd6+ Ke7 8. Bf4 e5 9. Nf5+ Kf8 10. Bg5 Bb4 11. Bc4 d5 12. Bxf6 Qxf6 13. Bxd5 Bxf5 14.
exf5 Rd8 15. O-O Ne7 16. Ne4 Rxd5 17. Nxf6 Rxd1 18. Nxh7+ Rxh7 19. Rfxd1 Ke8 20. Rd3 Nxf5 21. Rb3 Nd4 22. Rxb4 Nxc2 23. Rc4 Nxa1 24. Rc1 Rh4 25. Rxa1 Rc4 26. Re1 f6 27. Kf1 Kd7 28. b3 Rc5 29. Rd1+ Ke6 30. Ke2 a5 31. h4 b5 32. Rd8 Rc2+ 33. Rd2 Rc1 34. Rd8 Ra1 35. Rd2 Kf5 36. Kf3 g6 37. g4+ Ke6 38. Kg2 a4 39. bxa4 bxa4 40.
Re2 Rd1 41. Re4 a3 42. Ra4 Rd3 43. Ra6+ Kf7 44. f3 f5 45. g5 Rd2+ 46. Kg3 Rxa2 47. Rf6+ Kg7 48. Ra6 f4+ 49. Kh3 Kf7 50. Rf6+ Kg7 51.
Ra6 Ra1 52. Ra7+ Kg8 53. Ra6 Kf7 54. Rf6+ Kg7 55. Ra6 a2 56. Kg2 e4 57. Ra7+ Kg8 58. fxe4 f3+ 59. Kxf3 Rf1+ 60. Kg4 a1=Q 61. Rxa1 Rxa1 0-1

[Event "Late-Titled-Tuesday-Blitz-September-26-2023"]
[Site "Chess.com"]
[Date "2023.09.26"]
[Round "4"]
[White "EsmeraldasAnderson03"]
[Black "wadsy27"]
[Result "1/2-1/2"]
[WhiteElo "2432"]
[BlackElo "2638"]
[TimeControl "180+1"]
[EndTime "14:39:13 PDT"]
[Termination "Game drawn - insufficient material"]

1. d4 f5 2. Bg5 g6 3. e3 Bg7 4. h4 Nf6 5. Be2 h6 6. Bf4 d6 7. Nf3 Be6 8. c4 Nbd7 9. Nc3 c6 10.
Qc2 Bf7 11. e4 fxe4 12. Nxe4 Nxe4 13. Qxe4 Nf6 14. Qd3 Qd7 15. O-O Qf5 16. Qxf5 gxf5 17. Bd3 e6 18. Rfe1 O-O 19. Bd2 Rae8 20. Bc3 Bg6 21.
c5 d5 22. Ne5 Bh7 23. f3 f4 24. Bg6 Re7 25. b4 Ne8 26. h5 Bxe5 27. Bxh7+ Kxh7 28. Rxe5 Ng7 29. Rae1 a6 30. Bd2 Ref7 31. Kh2 Rf5 32. Rxf5 Rxf5 33. Re5 Rxh5+ 34. Rxh5 Nxh5 35. Kh3 Ng7 36. Bxf4 Nf5 37. Be5 Ne3 38. a3 Nc2 39. Bf4 Nxa3 40.
Bd2 Nb5 41. Be3 Kg6 42. Kg4 Nc3 43. Kf4 Kf6 44. Kg4 Ne2 45. Kh5 e5 46. dxe5+ Kxe5 47. Bxh6 d4 48. g4 d3 49. Bd2 Nd4 50. f4+ Ke6 51.
f5+ Kf7 52. Bc3 Nf3 53. g5 d2 54. g6+ Kg8 55. Bxd2 Nxd2 56. f6 Ne4 57. f7+ Kg7 58. Kg4 Nf6+ 59. Kf5 Nd7 60. Ke6 Nf8+ 61. Kd6 Nxg6 62.
Kc7 Ne5 63. Kxb7 Nd3 64. Kxc6 Nxb4+ 65. Kb6 Kxf7 66. Ka5 Ke7 67. Kxb4 Kd7 68. Ka5 Kc6 69. Kxa6 Kxc5 1/2-1/2

[Event "Late-Titled-Tuesday-Blitz-September-26-2023"]
[Site "Chess.com"]
[Date "2023.09.26"]
[Round "4"]
[White "Kombinator01"]
[Black "jaskol95"]
[Result "1/2-1/2"]
[WhiteElo "2421"]
[BlackElo "2624"]
[TimeControl "180+1"]
[EndTime "14:39:16 PDT"]
[Termination "Game drawn by repetition"]

1. d4 d5 2. Bf4 c6 3. Nf3 Nf6 4. c4 a6 5. e3 e6 6. Qb3 b5 7. c5 Nbd7 8. a4 Bb7 9. Bd3 Be7 10.
Nbd2 O-O 11. O-O Nh5 12. h3 Nxf4 13. exf4 Qc7 14. g3 Bf6 15. Rfe1 g6 16. Qc2 Bg7 17. h4 h5 18. Nb3 Nf6 19. Ng5 Rae8 20. axb5 axb5 21.
Ra7 Ra8 22. Rea1 Rxa7 23. Rxa7 Ra8 24. Rxa8+ Bxa8 25. Qe2 Bb7 26. Qd2 Bc8 27. Na5 Nh7 28.
Nf3 Nf8 29. b4 Bd7 30. Ne5 Be8 31. Be2 f6 32. Nf3 e5 33. fxe5 fxe5 34. dxe5 Bxe5 35. Qe3 Nd7 36. Nxc6 Qxc6 37. Nxe5 Qe6 38. Nd3 Qxe3 39.
fxe3 Kf7 40. Nf4 Nf6 41. Bf3 Bc6 42. Kf2 Nd7 43. Bxd5+ Bxd5 44. Nxd5 Ne5 45. Ke2 Nc6 46. e4 Ke6 47. Ke3 Ke5 48. Kd3 Ke6 49. Ke2 Nd4+ 50. Kd3 Nc6 51. Nc7+ Ke5 52. Nxb5 Nxb4+ 53. Ke3 Nc6 54. Nd6 Nb4 55. Nf7+ Kf6 56. Ng5 Ke5 57. Nf3+ Ke6 58. Kf4 Nd3+ 59. Kg5 Nxc5 60. e5 Kf7 61.
Kf4 Ke6 62. Nd4+ Kd5 63. Nf3 Ne6+ 64. Ke3 Nc5 65. Kf4 Ne6+ 66. Ke3 Nc5 67. Kf4 1/2-1/2

[Event "Late-Titled-Tuesday-Blitz-September-26-2023"]
[Site "Chess.com"]
[Date "2023.09.26"]
[Round "4"]
[White "invisible_s0ul"]
[Black "protectiago"]
[Result "1-0"]
[WhiteElo "2292"]
[BlackElo "2053"]
[TimeControl "180+1"]
[EndTime "14:39:18 PDT"]
[Termination "invisible_s0ul won by resignation"]

1. g3 Nf6 2. Bg2 g6 3. e4 d6 4. d4 Bg7 5. Ne2 O-O 6. O-O e5 7. c4 Nc6 8. d5 Ne7 9. Nbc3 Ne8 10. Bg5 h6 11. Be3 f5 12. Qd2 Kh7 13. f4 fxe4 14.
Nxe4 Nf5 15. fxe5 Nxe3 16. Qxe3 Rxf1+ 17. Rxf1 Bxe5 18. Nf4 Bg7 19. Nc3 Nf6 20. Ne6 Bxe6 21.
Qxe6 Ng8 22. Rf7 Qc8 23. Be4 Qxe6 24. dxe6 Re8 25. Rxc7 Re7 26. Rxe7 Nxe7 27. Bxb7 Bd4+ 28. Kg2 Kg7 29. Nd5 Kf8 30. Nf4 g5 31. Nd3 a5 32. b3 Nf5 33. Kf3 Ke7 34. Bd5 Ng7 35. Ke4 Bf6 36. g4 Nxe6 37. Bxe6 Kxe6 38. h3 Ba1 39. a3 Bg7 40. b4 axb4 41. axb4 Bc3 42.
c5 dxc5 43. bxc5 Ba5 44. Kd4 Bc7 45. Kc4 Bg3 46. Nb4 Kd7 47. Nd5 Kc6 48. Nf6 Be5 49. Ng8 Bg7 50. Ne7+ Kd7 51. Nf5 Bf8 52. Kd5 Kc7 53. c6 Kc8 54. Ke6 Kc7 55. Kd5 Kc8 56. Nd4 Kc7 57. Ne6+ 1-0

[Event "Late-Titled-Tuesday-Blitz-September-26-2023"]
[Site "Chess.com"]
[Date "2023.09.26"]
[Round "4"]
[White "ShiroglanTalibov"]
[Black "dcremisi"]
[Result "1-0"]
[WhiteElo "2844"]
[BlackElo "2540"]
[TimeControl "180+1"]
[EndTime "14:39:20 PDT"]
[Termination "ShiroglanTalibov won by resignation"]

1. d4 d5 2. Nf3 Nf6 3. c4 e6 4. Nc3 c6 5. Bg5 Nbd7 6. e3 Qa5 7. Nd2 Be7 8. a3 h6 9. Bh4 Qd8 10. c5 b6 11. b4 a5 12. f4 Bb7 13. Bd3 axb4 14. axb4 bxc5 15. bxc5 Rxa1 16. Qxa1 O-O 17. O-O Qa8 18. Nb3 Qxa1 19. Rxa1 Ra8 20. Rxa8+ Bxa8 21. Ba6 Kf8 22. Na5 Nb8 23. Bb7 Bxb7 24. Nxb7 Ke8 25.
Na4 Ng4 26. Bf2 Nxf2 27. Kxf2 Kd7 28. Na5 Kc7 29. Kf3 Nd7 30. g4 f5 31. h3 Nf6 32. Nc3 g6 33. Nb3 h5 34. g5 Ne4 35. Nb1 Bd8 36. Nc1 Kd7 37. Nd3 Bc7 38.
h4 Ke8 39. Na3 Nd2+ 40. Ke2 Ne4 41. Nc2 Nc3+ 42. Kf3 Nb5 43. Ncb4 Kd7 44. Na6 Ba5 45. Ne5+ Ke8 46. Nxc6 Be1 47. Ne5 Bxh4 48. Nxg6 Be1 49. c6 Ba5 50. Kg3 Be1+ 51. Kf3 h4 52. c7 Na7 53.
Nc5 h3 54. Nxe6 h2 55. Kg2 Bf2 56. Kxh2 Bxe3 57. Kg3 Kd7 58. Ngf8+ Ke7 59. Kf3 Bc1 60. g6 Bb2 61. g7 Kf7 62. Nd7 Bxd4 63. Nxd4 Kxg7 64. Nb6 Kf7 65. Nb5 Nc8 66. Nxc8 1-0

[Event "Late-Titled-Tuesday-Blitz-September-26-2023"]
[Site "Chess.com"]
[Date "2023.09.26"]
[Round "4"]
[White "Lady_Nika"]
[Black "CheckThis4"]
[Result "1/2-1/2"]
[WhiteElo "2510"]
[BlackElo "2672"]
[TimeControl "180+1"]
[EndTime "14:39:20 PDT"]
[Termination "Game drawn by repetition"]

1. e4 c5 2. Nc3 Nc6 3. g3 g6 4.
Bg2 Bg7 5. d3 d6 6. f4 e6 7. Nf3 Nge7 8. O-O O-O 9. Rb1 b6 10.
Be3 Bb7 11. Ne2 d5 12. e5 d4 13. Bf2 Nb4 14. a3 Nbd5 15. Qd2 Nf5 16. Ng5 h6 17. Bxd5 Qxd5 18. Ne4 f6 19. exf6 Bxf6 20. g4 Ne3 21. Bxe3 dxe3 22. Qxe3 Bg7 23. Qh3 Rf7 24. Rf2 Raf8 25. Rbf1 c4 26. N2c3 Qc6 27. Rf3 cxd3 28. cxd3 g5 29. fxg5 Rxf3 30. Rxf3 Rxf3 31. Qxf3 hxg5 32.
Qe3 Qd7 33. Qxg5 Qd4+ 34. Nf2 Kf7 35. Ne4 Bxe4 36. dxe4 Qxb2 37. Qf4+ Kg6 38. Qd6 Qe5 39. Qe7 a5 40. Kg2 Qf6 41. Qe8+ Qf7 42. Qc6 Bd4 43.
Nd3 Qf6 44. Qe8+ Qf7 45. Qb5 Qf6 46. Qh5+ Kg7 47. g5 Qg6 48. Qg4 b5 49. h4 b4 50.
axb4 a4 51. h5 Qf7 52. Nf4 e5 53. Ne6+ Kg8 54. g6 Qf2+ 55. Kh3 Qf1+ 56. Kh4 Qf2+ 57. Kh3 Qf1+ 58. Kh4 Bf2+ 59. Kg5 Be3+ 60. Kh4 Bf2+ 61. Kg5 Be3+ 62. Kh4 Bf2+ 1/2-1/2

[Event "Late-Titled-Tuesday-Blitz-September-26-2023"]
[Site "Chess.com"]
[Date "2023.09.26"]
[Round "4"]
[White "Fan_Of_Chucky"]
[Black "filipluczak05"]
[Result "1-0"]
[WhiteElo "2502"]
[BlackElo "2650"]
[TimeControl "180+1"]
[EndTime "14:39:22 PDT"]
[Termination "Fan_Of_Chucky won by resignation"]

1. d4 g6 2. c4 Bg7 3. Nc3 d6 4. e4 e5 5. d5 f5 6. exf5 gxf5 7.
Qh5+ Kf8 8. Bg5 Nf6 9. Qh4 h6 10. Bd2 Na6 11. O-O-O Bd7 12. f4 e4 13. h3 Nc5 14. Be3 b6 15. Be2 a5 16. g4 Nd3+ 17. Bxd3 exd3 18. Rxd3 fxg4 19. hxg4 Nxg4 20. Qg3 Qf6 21.
Bd4 Qf5 22. Bxg7+ Kxg7 23. Nge2 h5 24. Nd4 Qf6 25. Ne4 Qg6 26. Ng5 Rae8 27. Nge6+ Bxe6 28. Nxe6+ Rxe6 29. dxe6 Qxe6 30. Rd5 Qe4 31. Rdxh5 Qxc4+ 32.
Kb1 Qe4+ 33. Kc1 Qxh1+ 34. Rxh1 Rxh1+ 35. Kd2 Rh2+ 36. Kc3 Rh6 37. Qxg4+ Rg6 38. Qf3 Kf6 39. Qc6 Rg7 40. Qd5 Rf7 41. f5 Re7 42. b4 axb4+ 43.
Kxb4 Re5 44. Qc6 Rc5 45. Qd7 Kg5 46. Qe6 Rxf5 47. Qe7+ Kf4 48. Qxc7 Rf6 49. Qxb6 Ke5 50. Qe3+ Kd5 51. Kb5 Rf5 52. Qd3+ Ke6+ 53. Kb6 Rc5 54.
Qe3+ Re5 55. Qb3+ d5 56. a4 Kd6 57. a5 d4 58. a6 Re3 59. Qb4+ Kd5 60. a7 Re8 61.
Kb7 d3 62. Qd2 Re7+ 63. Ka6 Re6+ 64. Kb5 Re5 65. Qxd3+ Ke6+ 66. Kb6 Kf6 67. Qd6+ Re6 68. Qxe6+ Kxe6 69. a8=Q 1-0

[Event "Late-Titled-Tuesday-Blitz-September-26-2023"]
[Site "Chess.com"]
[Date "2023.09.26"]
[Round "4"]
[White "YouShallNotPass001"]
[Black "koncheto"]
[Result "0-1"]
[WhiteElo "2339"]
[BlackElo "2523"]
[TimeControl "180+1"]
[EndTime "14:39:22 PDT"]
[Termination "koncheto won by resignation"]

1. Nf3 Nf6 2. e3 d5 3. Be2 c5 4. O-O Nc6 5. d4 Bf5 6. dxc5 e6 7. Nd4 Bxc5 8. Nxf5 exf5 9. Nd2 d4 10. Nb3 Bb6 11.
exd4 Nxd4 12. Nxd4 Qxd4 13. Bb5+ Kf8 14. Qe2 Qg4 15. Qe5 h6 16. Bd3 Ne4 17. Be3 Re8 18. Qb5 f4 19. h3 Qe6 20. Qb4+ Kg8 21. Bxb6 Qxb6 22. Qxb6 axb6 23. Rfe1 Nf6 24. Bb5 Rc8 25. c4 Rc7 26. Rad1 g6 27. Rd4 Kg7 28. Rxf4 Rd8 29. Re2 h5 30. Kh2 g5 31. Rf5 Kg6 32. Rfe5 g4 33.
Re7 Rxe7 34. Rxe7 Rd2 35. Kg3 Kg5 36. f4+ Kg6 37. hxg4 hxg4 38. Rxb7 Rd3+ 39. Kf2 Rd2+ 40. Kg3 Rxb2 41. Rxb6 Kg7 42. c5 Ne4+ 43. Kxg4 Nxc5 44. a4 Nxa4 45. Rb8 Nc3 46. Rd8 Nxb5 47. g3 Nc7 48. Rd6 Ne8 49. Rc6 Rb5 50. Kf3 Nf6 51. Kg2 Rb3 52. Kf2 Kg6 53. Kg2 Kf5 54. Rc5+ Kg6 55. Re5 Nh5 56. Rg5+ Kh6 57. Kh3 Nxf4+ 58. Kg4 Rxg3+ 59.
Kxg3 Kxg5 60. Kf3 Kf5 61. Kf2 f6 62. Kf3 Ke5 63. Kf2 Nd5 64. Kf3 Kf5 65. Kf2 Kg4 66. Kf1 Kf3 67. Ke1 f5 68. Kd2 f4 69. Kd3 Kg2 70. Kd4 f3 71. Ke5 f2 72. Kxd5 f1=Q 73. Ke4 Qf3+ 0-1